NYP
BOISE HAWKS @ MILWAUKEE (NYP) BREWERS
09/18/2044
 
TOP OF THE 1ST
Boise Hawks batting - Pitching for Milwaukee (NYP) Brewers : LHP Brian Rich
Pitching: LHP Brian Rich
Batting: LHB Greg Valenzuela 0-0: Swinging Strike
0-1: Ball
1-1: Ground out 1-3 (Groundball, 13S, EV 68.1 MPH)
Batting: RHB Ryan Rinaldi 0-0: Ball
1-0: Ball
2-0: Foul Ball, location: 2F
2-1: Swinging Strike
2-2: Fly out, F7 (Flyball, 7, EV 81.3 MPH)
Batting: RHB Henry Alvizo 0-0: Called Strike
0-1: Foul Ball, location: 2F
0-2: Ball
1-2: Foul Ball, location: 2F
1-2: Foul Ball, location: 2F
1-2: Foul Ball, location: 2F
1-2: Strikes out swinging
Top of the 1st over - 0 runs, 0 hits, 0 errors, 0 left on base; Boise 0 - Milwaukee (NYP) 0
BOTTOM OF THE 1ST
Milwaukee (NYP) Brewers batting - Pitching for Boise Hawks : LHP John Mandarino
Pitching: LHP John Mandarino
Batting: RHB Vinny Estrada 0-0: Ball
1-0: Called Strike
1-1: Ball
2-1: Called Strike
2-2: Foul Ball, location: 2F
2-2: SINGLE (Line Drive, 4MD, EV 97.5 MPH)
Batting: RHB Steve Byerly 0-0: Ball
1-0: Ball
2-0: Swinging Strike
2-1: Foul Ball, location: 2F
2-2: Ball
3-2: SINGLE (Line Drive, 89S, EV 107.5 MPH)
Vinny Estrada to second
Batting: LHB Alfredo de la Cruz 0-0: Ball
1-0: Ball
2-0: Foul Ball, location: 2F
2-1: Ball
3-1: Fly out, F8 (Flyball, 78D, EV 85.0 MPH)
Batting: RHB Skyler Goss 0-0: Ball
Vinny Estrada steals 3rd base
1-0: SINGLE (Groundball, 56D, EV 105.6 MPH)
Vinny Estrada scores
Steve Byerly to second
Batting: SHB Mitchell Greene 0-0: Ball
1-0: Called Strike
1-1: Ball
2-1: Ball
3-1: Foul Ball, location: 2F
3-2: Strikes out swinging
Batting: LHB Paul Collins 0-0: Ball
1-0: Foul Ball, location: 2F
1-1: Called Strike
1-2: Strikes out swinging
Bottom of the 1st over - 1 run, 3 hits, 0 errors, 2 left on base; Boise 0 - Milwaukee (NYP) 1
TOP OF THE 2ND
Boise Hawks batting - Pitching for Milwaukee (NYP) Brewers : LHP Brian Rich
Batting: RHB Chris Tatum 0-0: Ball
1-0: Called Strike
1-1: Called Strike
1-2: Strikes out swinging
Batting: LHB Eddie Gonzalez 0-0: Ball
1-0: Foul Ball, location: 2F
1-1: Ball
2-1: Foul Ball, location: 2F
2-2: Ball
3-2: Foul Ball, location: 2F
3-2: Base on Balls
Batting: LHB Glenn Lowther 0-0: Ball
1-0: Called Strike
Eddie Gonzalez steals 2nd base
1-1: Ball
2-1: SINGLE (Groundball, 6D, EV 100.6 MPH)
Eddie Gonzalez to third
Batting: RHB Elias Urbina 0-0: Called Strike
0-1: Reached on error, E5 (Groundball, 56, EV 85.6 MPH)
Eddie Gonzalez scores
Glenn Lowther to second
Batting: LHB Zane Kelton 0-0: Called Strike
0-1: Called Strike
0-2: Strikes out swinging
Batting: RHB Matt Cone 0-0: Foul Ball, location: 2F
0-1: Ball
1-1: Hit by Pitch
Glenn Lowther to third
Elias Urbina to second
Batting: LHB Greg Valenzuela 0-0: Ball
1-0: Foul Ball, location: 2F
1-1: Swinging Strike
1-2: Ball
2-2: Strikes out swinging
Top of the 2nd over - 1 run, 1 hit, 1 error, 3 left on base; Boise 1 - Milwaukee (NYP) 1
BOTTOM OF THE 2ND
Milwaukee (NYP) Brewers batting - Pitching for Boise Hawks : LHP John Mandarino
Batting: RHB Dustin Hartman 0-0: SINGLE (Groundball, 4, EV 103.8 MPH)
Batting: RHB Raymond Young 0-0: Ball
1-0: Ball
2-0: Ball
3-0: Called Strike
3-1: Foul Ball, location: 2F
3-2: Strikes out swinging
Batting: RHB Bobby McCann 0-0: Called Strike
0-1: Ball
1-1: Fly out, F4 (Popup, 4D, EV 70.6 MPH)
Batting: RHB Vinny Estrada 0-0: Fly out, F7 (Flyball, 78D, EV 95.6 MPH)
Bottom of the 2nd over - 0 runs, 1 hit, 0 errors, 1 left on base; Boise 1 - Milwaukee (NYP) 1
TOP OF THE 3RD
Boise Hawks batting - Pitching for Milwaukee (NYP) Brewers : LHP Brian Rich
Batting: RHB Ryan Rinaldi 0-0: Foul Ball, location: 2F
0-1: Foul Ball, location: 2F
0-2: Foul Ball, location: 2F
0-2: Hit by Pitch
Batting: RHB Henry Alvizo 0-0: Called Strike
0-1: Ball
1-1: Grounds into double play, 4-6-3 (Groundball, 34, EV 88.1 MPH)
Batting: RHB Chris Tatum 0-0: Fly out, F9 (Flyball, 9LM, EV 80.6 MPH)
Top of the 3rd over - 0 runs, 0 hits, 0 errors, 0 left on base; Boise 1 - Milwaukee (NYP) 1
BOTTOM OF THE 3RD
Milwaukee (NYP) Brewers batting - Pitching for Boise Hawks : LHP John Mandarino
Batting: RHB Steve Byerly 0-0: Ground out 6-3 (Groundball, 6, EV 98.1 MPH)
Batting: LHB Alfredo de la Cruz 0-0: Called Strike
0-1: Ground out U3 (Groundball, 34S, EV 88.1 MPH)
Batting: RHB Skyler Goss 0-0: Foul Ball, location: 2F
0-1: Ball
1-1: Ball
2-1: Called Strike
2-2: Strikes out swinging, 2-3 out at first.
Bottom of the 3rd over - 0 runs, 0 hits, 0 errors, 0 left on base; Boise 1 - Milwaukee (NYP) 1
TOP OF THE 4TH
Boise Hawks batting - Pitching for Milwaukee (NYP) Brewers : LHP Brian Rich
Batting: LHB Eddie Gonzalez 0-0: SINGLE (Groundball, 56S, EV 73.8 MPH) (infield hit)
Batting: LHB Glenn Lowther 0-0: Ball
Eddie Gonzalez steals 2nd base
1-0: Ball
2-0: Ground out 1-3 (Groundball, 15S, EV 68.1 MPH)
Batting: RHB Elias Urbina 0-0: Ground out U3 (Groundball, 34, EV 104.4 MPH)
Eddie Gonzalez to third
Batting: LHB Zane Kelton 0-0: Called Strike
0-1: Ball
1-1: Ball
2-1: Ball
3-1: Ground out U3 (Groundball, 34S, EV 79.4 MPH)
Top of the 4th over - 0 runs, 1 hit, 0 errors, 1 left on base; Boise 1 - Milwaukee (NYP) 1
BOTTOM OF THE 4TH
Milwaukee (NYP) Brewers batting - Pitching for Boise Hawks : LHP John Mandarino
Batting: SHB Mitchell Greene 0-0: Called Strike
0-1: Swinging Strike
0-2: Ball
1-2: Ball
2-2: Strikes out swinging
Batting: LHB Paul Collins 0-0: Called Strike
0-1: Ball
1-1: Called Strike
1-2: Foul Ball, location: 2F
1-2: SINGLE (Line Drive, 4M, EV 98.1 MPH)
Batting: RHB Dustin Hartman 0-0: SINGLE (Groundball, 34D, EV 96.3 MPH)
Paul Collins to second
Runner from 2nd tries for 3rd, SAFE, throw by RF made to third
Dustin Hartman to second
Batting: RHB Raymond Young 0-0: Swinging Strike
0-1: Ball
1-1: Foul Ball, location: 2F
1-2: Strikes out swinging
Batting: RHB Bobby McCann 0-0: Ball
1-0: Ground out 6-3 (Groundball, 6MD, EV 100.0 MPH)
Bottom of the 4th over - 0 runs, 2 hits, 0 errors, 2 left on base; Boise 1 - Milwaukee (NYP) 1
TOP OF THE 5TH
Boise Hawks batting - Pitching for Milwaukee (NYP) Brewers : LHP Brian Rich
Batting: RHB Matt Cone 0-0: SINGLE (Groundball, 6MD, EV 99.4 MPH)
Batting: LHB Greg Valenzuela 0-0: Called Strike
0-1: Ball
1-1: Swinging Strike
1-2: Hit by Pitch
Matt Cone to second
Batting: RHB Ryan Rinaldi 0-0: Called Strike
0-1: Ball
1-1: Ball
2-1: Swinging Strike
2-2: Ball
3-2: Strikes out swinging
Batting: RHB Henry Alvizo 0-0: Ball
1-0: Swinging Strike
1-1: Ball
2-1: Ball
3-1: Base on Balls
Matt Cone to third
Greg Valenzuela to second
Batting: RHB Chris Tatum 0-0: Foul Ball, location: 2F
0-1: Called Strike
0-2: Ball
1-2: Strikes out swinging
Batting: LHB Eddie Gonzalez 0-0: Swinging Strike
0-1: Ball
1-1: Foul Ball, location: 2F
1-2: Ground out 2-3 (Groundball, 13S, EV 68.8 MPH)
Top of the 5th over - 0 runs, 1 hit, 0 errors, 3 left on base; Boise 1 - Milwaukee (NYP) 1
BOTTOM OF THE 5TH
Milwaukee (NYP) Brewers batting - Pitching for Boise Hawks : LHP John Mandarino
Batting: RHB Vinny Estrada 0-0: Called Strike
0-1: Foul Ball, location: 2F
0-2: Ball
1-2: Ball
2-2: Foul Ball, location: 2F
2-2: Strikes out looking
Batting: RHB Steve Byerly 0-0: Ball
1-0: SINGLE (Groundball, 6S, EV 73.1 MPH) (infield hit)
Batting: LHB Alfredo de la Cruz 0-0: Ball
1-0: Swinging Strike
1-1: Ball
2-1: Foul Ball, location: 2F
2-2: Ball
3-2: SINGLE (Groundball, 34D, EV 101.9 MPH)
Steve Byerly to second
Runner from 2nd tries for 3rd, SAFE, throw by RF made to third
Alfredo de la Cruz to second
Pitching: RHP Vas Karamyshev
Batting: RHB Skyler Goss 0-0: Ball
1-0: Ball
2-0: Ball
3-0: Called Strike
3-1: Base on Balls
Batting: SHB Mitchell Greene 0-0: Called Strike
0-1: Foul Ball, location: 2F
0-2: Ball
1-2: Strikes out looking
Batting: LHB Paul Collins 0-0: Called Strike
0-1: Ball
1-1: Foul Ball, location: 2F
1-2: Fielders Choice at 2nd, 6-4 (Groundball, 56D, EV 79.4 MPH)
Bottom of the 5th over - 0 runs, 2 hits, 0 errors, 3 left on base; Boise 1 - Milwaukee (NYP) 1
TOP OF THE 6TH
Boise Hawks batting - Pitching for Milwaukee (NYP) Brewers : LHP Brian Rich
Batting: LHB Glenn Lowther 0-0: Ball
1-0: Called Strike
1-1: Ball
2-1: Ball
3-1: Foul Ball, location: 2F
3-2: Strikes out swinging
Batting: RHB Elias Urbina 0-0: Ball
1-0: SINGLE (Line Drive, 6D, EV 98.1 MPH)
Batting: LHB Zane Kelton 0-0: Ball
1-0: Swinging Strike
1-1: Ball
Elias Urbina is caught stealing 2nd base 2-6
2-1: Ball
3-1: SOLO HOME RUN (Flyball, 9D, EV 92.5 MPH), Distance : 358 ft
Batting: RHB Matt Cone 0-0: Ground out U3 (Groundball, 23, EV 92.5 MPH)
Top of the 6th over - 1 run, 2 hits, 0 errors, 0 left on base; Boise 2 - Milwaukee (NYP) 1
BOTTOM OF THE 6TH
Milwaukee (NYP) Brewers batting - Pitching for Boise Hawks : RHP Vas Karamyshev
Batting: RHB Dustin Hartman 0-0: Ball
1-0: DOUBLE (Line Drive, 9LM, EV 106.9 MPH)
Batting: RHB Raymond Young 0-0: Ball
1-0: Ball
2-0: Ground out 4-3 (Groundball, 4, EV 108.8 MPH)
Dustin Hartman to third
Batting: RHB Bobby McCann 0-0: Fly out, F8 (Flyball, 8LXD, EV 100.6 MPH)
Runner from 3rd tags up, SCORES, no throw by CF
Batting: RHB Vinny Estrada 0-0: Ball
1-0: Ball
2-0: Ball
3-0: Called Strike
3-1: Base on Balls
Batting: RHB Steve Byerly 0-0: Called Strike
0-1: Ball
1-1: Ball
Vinny Estrada steals 2nd base
2-1: Ball
3-1: Foul Ball, location: 2F
3-2: Fly out, F8 (Flyball, 89M, EV 85.6 MPH)
Bottom of the 6th over - 1 run, 1 hit, 0 errors, 1 left on base; Boise 2 - Milwaukee (NYP) 2
TOP OF THE 7TH
Boise Hawks batting - Pitching for Milwaukee (NYP) Brewers : LHP Brian Rich
Batting: LHB Greg Valenzuela 0-0: Ball
1-0: Ball
2-0: Called Strike
2-1: Swinging Strike
2-2: Foul Ball, location: 2F
2-2: Foul Ball, location: 2F
2-2: Ball
3-2: Base on Balls
Pitching: RHP Justin Orr
Batting: RHB Ryan Rinaldi 0-0: Called Strike
0-1: Ball
Greg Valenzuela steals 2nd base
1-1: Foul Ball, location: 2F
1-2: Foul Ball, location: 2F
1-2: Strikes out swinging
Batting: RHB Henry Alvizo 0-0: Swinging Strike
0-1: Ball
1-1: Ground out 4-3 (Groundball, 4M, EV 83.1 MPH)
Greg Valenzuela to third
Batting: RHB Chris Tatum 0-0: Ball
1-0: Called Strike
1-1: Foul Ball, location: 2F
1-2: SINGLE (Line Drive, 56D, EV 98.8 MPH)
Greg Valenzuela scores
Batting: LHB Eddie Gonzalez 0-0: Swinging Strike
0-1: Ball
1-1: Ball
Chris Tatum steals 2nd base
2-1: SINGLE (Groundball, P, EV 90.6 MPH) (infield hit)
Chris Tatum to third
Batting: LHB Glenn Lowther 0-0: Ball
1-0: Called Strike
1-1: Swinging Strike
1-2: Ball
2-2: Foul Ball, location: 2F
2-2: Strikes out swinging
Top of the 7th over - 1 run, 2 hits, 0 errors, 2 left on base; Boise 3 - Milwaukee (NYP) 2
BOTTOM OF THE 7TH
Milwaukee (NYP) Brewers batting - Pitching for Boise Hawks : RHP Vas Karamyshev
Pitching: LHP Dan Ott
Batting: LHB Alfredo de la Cruz 0-0: Called Strike
0-1: Ball
1-1: Ball
2-1: Ball
3-1: Base on Balls
Batting: RHB Skyler Goss 0-0: Called Strike
0-1: Ball
Alfredo de la Cruz is caught stealing 2nd base 2-4
1-1: Ground out 6-3 (Groundball, 6, EV 81.9 MPH)
Batting: SHB Mitchell Greene 0-0: Ball
1-0: Ground out 5-3 (Groundball, 56S, EV 65.6 MPH)
Bottom of the 7th over - 0 runs, 0 hits, 0 errors, 0 left on base; Boise 3 - Milwaukee (NYP) 2
TOP OF THE 8TH
Boise Hawks batting - Pitching for Milwaukee (NYP) Brewers : RHP Justin Orr
Pitching: LHP John Miller
Batting: RHB Elias Urbina 0-0: Swinging Strike
0-1: Called Strike
0-2: Ball
1-2: Foul Ball, location: 2F
1-2: Foul Ball, location: 2F
1-2: SINGLE (Groundball, 4M, EV 87.5 MPH) (infield hit)
Batting: LHB Zane Kelton 0-0: Ball
Elias Urbina steals 2nd base
1-0: Ball
2-0: Foul Ball, location: 2F
2-1: Ball
3-1: Base on Balls
Batting: RHB Matt Cone 0-0: Ball
1-0: Sac Bunt to 15 - play at first, batter OUT! 1-4
Elias Urbina to third
Zane Kelton to second
Batting: LHB Greg Valenzuela 0-0: Ball
1-0: Ball
2-0: Called Strike
2-1: Foul Ball, location: 2F
2-2: Ball
3-2: SINGLE (Groundball, 4M, EV 95.0 MPH)
Elias Urbina scores
Zane Kelton to third
Runner from 3rd tries for Home, SAFE, throw by CF to home
Pitching: LHP Paul Schumacher
Batting: RHB Ryan Rinaldi 0-0: Called Strike
Greg Valenzuela steals 2nd base
0-1: Foul Ball, location: 2F
0-2: Ball
1-2: SINGLE (Groundball, 34D, EV 97.5 MPH)
Greg Valenzuela to third
Batting: RHB Henry Alvizo 0-0: Called Strike
Ryan Rinaldi steals 2nd base
0-1: Ball
1-1: Ball
2-1: Foul Ball, location: 2F
2-2: Ground out 6-3 (Groundball, 6MS, EV 71.9 MPH)
Batting: RHB Chris Tatum 0-0: Foul Ball, location: 2F
0-1: SINGLE (Line Drive, 56D, EV 95.0 MPH)
Greg Valenzuela scores
Ryan Rinaldi to third
Runner from 3rd tries for Home, SAFE, throw by LF to home
Batting: LHB Eddie Gonzalez 0-0: SINGLE (Groundball, 5S, EV 62.5 MPH) (infield hit)
Chris Tatum to second
Batting: LHB Glenn Lowther 0-0: Foul Ball, location: 2F
0-1: TRIPLE (Line Drive, 89XD, EV 100.6 MPH)
Chris Tatum scores
Eddie Gonzalez scores
Batting: RHB Elias Urbina 0-0: Ball
1-0: Called Strike
1-1: Called Strike
1-2: SINGLE (Groundball, 6MD, EV 111.3 MPH) (infield hit)
Glenn Lowther scores
Pitching: RHP Guillermo Delgado
Batting: LHB Zane Kelton 0-0: Ball
1-0: Ball
2-0: Ball
3-0: Called Strike
3-1: Called Strike
3-2: Foul Ball, location: 2F
3-2: Foul Ball, location: 2F
3-2: Fly out, F7 (Flyball, 7, EV 91.3 MPH)
Top of the 8th over - 7 runs, 7 hits, 0 errors, 1 left on base; Boise 10 - Milwaukee (NYP) 2
BOTTOM OF THE 8TH
Milwaukee (NYP) Brewers batting - Pitching for Boise Hawks : LHP Dan Ott
Batting: LHB Paul Collins 0-0: Swinging Strike
0-1: Foul Ball, location: 2F
0-2: Strikes out looking
Batting: RHB Dustin Hartman 0-0: Ball
1-0: Ground out 6-3 (Groundball, 6, EV 91.3 MPH)
Batting: RHB Raymond Young 0-0: Ball
1-0: Swinging Strike
1-1: Ball
2-1: Called Strike
2-2: Ball
3-2: Strikes out swinging
Bottom of the 8th over - 0 runs, 0 hits, 0 errors, 0 left on base; Boise 10 - Milwaukee (NYP) 2
TOP OF THE 9TH
Boise Hawks batting - Pitching for Milwaukee (NYP) Brewers : RHP Guillermo Delgado
Batting: RHB Matt Cone 0-0: Foul Ball, location: 2F
0-1: Ball
1-1: Ball
2-1: Ground out 5-3 (Groundball, 5D, EV 83.8 MPH)
Batting: LHB Greg Valenzuela 0-0: Called Strike
0-1: Called Strike
0-2: Ball
1-2: Ground out U3 (Groundball, 3S, EV 85.0 MPH)
Batting: RHB Ryan Rinaldi 0-0: Ball
1-0: Foul Ball, location: 2F
1-1: Ball
2-1: Swinging Strike
2-2: Ball
3-2: Base on Balls
Pitching: RHP Javy Uribe
Batting: RHB Henry Alvizo 0-0: Called Strike
0-1: Ball
1-1: Ball
2-1: Called Strike
2-2: Ball
3-2: Strikes out swinging
Top of the 9th over - 0 runs, 0 hits, 0 errors, 1 left on base; Boise 10 - Milwaukee (NYP) 2
BOTTOM OF THE 9TH
Milwaukee (NYP) Brewers batting - Pitching for Boise Hawks : LHP Dan Ott
Batting: RHB Bobby McCann 0-0: Ball
1-0: Called Strike
1-1: Ball
2-1: Swinging Strike
2-2: Foul Ball, location: 2F
2-2: Fly out, F9 (Flyball, 9, EV 91.3 MPH)
Pinch Hitting: SHB Adam Slade 0-0: Ball
1-0: Called Strike
1-1: Ball
2-1: Called Strike
2-2: Foul Ball, location: 2F
2-2: Foul Ball, location: 2F
2-2: Ball
3-2: Base on Balls
Pitching: LHP Su-wu Pi
Batting: RHB Steve Byerly 0-0: Called Strike
0-1: Fly out, F8 (Flyball, 8RS, EV 86.9 MPH)
Batting: LHB Alfredo de la Cruz 0-0: Swinging Strike
0-1: Called Strike
0-2: Ball
1-2: Ball
2-2: Ball
3-2: Foul Ball, location: 2F
3-2: Foul Ball, location: 2F
3-2: Strikes out looking
Bottom of the 9th over - 0 runs, 0 hits, 0 errors, 1 left on base; Boise 10 - Milwaukee (NYP) 2
Thursday, March 31st , 2022 - OOTP Baseball 22.12 Build 89